 Dungeon Crawl Stone Soup version 0.26.1-10-gdfb7c7de75 (webtiles) character file.

Game seed: 12855714620898166101

6940 Eitelfritz the Carver (level 10, -2/90 HPs)
             Began as a Minotaur Gladiator on Apr 5, 2021.
             Was an Elder of Okawaru.
             Killed by divine providence
             ... invoked by an orc priest
              (13 damage)
             ... on level 10 of the Dungeon.
             The game lasted 00:28:27 (10783 turns).

Eitelfritz the Carver (Minotaur Gladiator)         Turns: 10783, Time: 00:28:28

Health: -2/90      AC: 15    Str: 20    XL:     10   Next: 80%
Magic:  0/13       EV: 10    Int:  8    God:    Okawaru [****..]
Gold:   159        SH:  0    Dex: 11    Spells: 9/9 levels left

rFire    . . .     SeeInvis .   a - +2 double sword (vorpal)
rCold    + . .     Faith    .   (no shield)
rNeg     . . .     Spirit   +   D - +0 chain mail
rPois    +         Reflect  .   c - +0 hat
rElec    .         Harm     .   u - +2 cloak
rCorr    .         Rampage  .   (no gloves)
Will     +....                  B - +0 pair of boots
Stlth    ..........             J - amulet of guardian spirit
HPRegen  0.25/turn              y - ring of willpower
MPRegen  0.13/turn              e - ring "Ukhlosch" {rPois rC+ Stlth+}

@: no status effects
A: retaliatory headbutt, horns 2
a: Renounce Religion, Heroism


You were on level 10 of the Dungeon.
You worshipped Okawaru.
Okawaru was greatly pleased with you.
You visited 2 branches of the dungeon, and saw 11 of its levels.

You collected 680 gold pieces.
You spent 521 gold pieces at shops.

Inventory:

Hand Weapons
 a - a +2 vorpal double sword (weapon)
 b - a +1 longbow of flaming
 q - a +3 scimitar of flaming
Missiles
 d - 4 throwing nets
 p - 61 poisoned darts (quivered)
 x - 11 atropa-tipped darts
 C - 168 arrows
 G - 5 boomerangs of dispersal
Armour
 c - a +0 hat (worn)
 f - +0 steam dragon scales
 r - a +2 kite shield
 u - a +2 cloak (worn)
 B - a +0 pair of boots (worn)
 D - a +0 chain mail (worn)
Jewellery
 e - the ring "Ukhlosch" (right hand) {rPois rC+ Stlth+}
   (You bought it in a shop on level 9 of the Dungeon)

   [ring of poison resistance]

   It protects you from cold.
   It protects you from poison.
   It makes you more stealthy.
 y - a ring of willpower (left hand)
 E - an uncursed ring of flight
 I - a +6 ring of intelligence
 J - an amulet of guardian spirit (around neck)
 L - an uncursed ring of fire
Wands
 A - a wand of iceblast (6)
 M - a wand of polymorph (10)
 N - a wand of flame (8)
Scrolls
 h - 3 scrolls of teleportation
 i - a scroll of fear
 l - a scroll of blinking
 n - 6 scrolls of remove curse
 F - a scroll of enchant armour
 H - a scroll of fog
Potions
 g - 3 potions of lignification
 j - 4 potions of might
 k - a potion of resistance
 m - 3 potions of curing
 o - 2 potions of invisibility
 s - 3 potions of haste
 t - 4 potions of brilliance
 v - 2 potions of flight
 z - 2 potions of mutation
 O - a potion of heal wounds


   Skills:
 + Level 8.4 Fighting
 + Level 11.9 Long Blades
 + Level 6.0 Bows
 + Level 2.3 Throwing
 + Level 7.9 Armour
 + Level 5.8 Dodging
 + Level 1.6 Stealth
 * Level 5.8 Invocations


You had 9 spell levels left.
You didn't know any spells.
Your spell library contained the following spells:

 Spells                   Type           Power        Failure   Level
 Cause Fear               Hex            0%           100%        4
 Dispel Undead            Necr           0%           100%        4


Dungeon Overview and Level Annotations

Branches:
Dungeon (10/15)            Temple (1/1) D:6
   Lair: D:8-11         Orc: D:9-12

Altars:
Ashenzari
Cheibriados
Dithmenos
Elyvilon
Fedhas
Gozag
Hepliaklqana
Kikubaaqudgha
Makhleb
Nemelex Xobeh
Okawaru
Qazlal
Ru
Sif Muna
Trog
Uskayaw
Vehumet
Wu Jian
Xom
Yredelemnul
Zin
The Shining One

Shops:
D:9 *(}!


Innate Abilities, Weirdness & Mutations

You reflexively headbutt those who attack you in melee.
You have a pair of horns on your head.


Message History

Beogh smites you!
* * * LOW HITPOINT WARNING * * *
You hear a shout!
You hear a shout!
The orc wizard mumbles some strange words.
The orc wizard seems to speed up.
The orc priest calls down the wrath of Beogh upon you.
Beogh smites you!
* * * LOW HITPOINT WARNING * * *
There is an open door here.
The orc warrior hits you with a cursed -2 war axe!
* * * LOW HITPOINT WARNING * * *
The orc wizard barely misses you.
You riposte.
You hit the orc wizard but do no damage.
There is a dry fountain here.
The orc wizard casts a spell at you.
The magic dart hits you but does no damage.
The orc priest mumbles some strange prayers to Beogh against you.
Beogh smites you!
You die...

#### ##..### #### #.....##
##..###### ####.....## #..##....#
##..##.....## ##..#.....#
##...###.....## #..##.....# ##
##....####.....###..#......# o#
##......# ####(.##..##......# o#
#.......# ##@##.....###.....# .#
##.......# #...#....}###.....#
.###........# #.o.#....#..##..(.#
............###.o.#....###..#..##
####.o.......###o###....####..###
#.........###.######## ##...# .#
#..........#.o.##...## ###.. .#
##......o..'.⌠.'†.⌠.<# ### .#
#.........#...##...## #


You could see 2 orc warriors, an orc priest and an orc wizard (fast).

Vanquished Creatures
  A hydra (D:10)
  Erica (D:9)
  Maggie (D:8)
  A troll (D:10)
  2 wraiths (D:10)
  5 orc warriors
  A black bear (D:7)
  3 ice beasts
  5 ogres
  3 phantoms
  3 necrophages
  3 centaurs
  4 big kobolds
  7 bullfrogs
  A water moccasin skeleton (D:9)
  3 scorpions
  5 killer bees (D:8)
  2 howler monkeys
  2 centaur zombies
  A bullfrog zombie (D:10)
  6 hounds
  5 orc priests
  2 jellies
  10 orc wizards
  2 iguanas
  6 worker ants
  A worker ant zombie (D:7)
  8 gnolls
  8 adders
  A shadow imp (D:9)
  A white imp (D:6)
  4 ufetubi
  An ooze (D:1)
  An adder skeleton (D:6)
  A worm (D:2)
  3 dart slugs (D:1)
  7 leopard geckos
  38 orcs
  3 ball pythons
  11 bats
  8 giant cockroaches
  6 hobgoblins
  8 jackals
  32 kobolds
  8 quokkas
  2 frilled lizards (D:1)
  10 goblins
  2 leopard gecko skeletons
  A quokka zombie (D:9)
  7 rats
257 creatures vanquished.

Vanquished Creatures (others)
  3 plants (D:4)
3 creatures vanquished.

Grand Total: 260 creatures vanquished

Notes
Turn   | Place    | Note
-------+----------+-------------------------------------------
     0 | D:1      | Eitelfritz the Minotaur Gladiator began the quest for the
                  | Orb.
     0 | D:1      | Reached XP level 1. HP: 18/18 MP: 0/0
   350 | D:1      | Reached XP level 2. HP: 23/25 MP: 1/1
   351 | D:1      | Reached skill level 4 in Long Blades
   669 | D:1      | Reached XP level 3. HP: 30/30 MP: 2/2
  1158 | D:2      | Reached skill level 1 in Armour
  1174 | D:2      | Reached XP level 4. HP: 28/37 MP: 3/3
  1420 | D:2      | Reached skill level 5 in Long Blades
  1927 | D:2      | Reached XP level 5. HP: 45/45 MP: 4/4
  2978 | D:4      | Reached skill level 6 in Long Blades
  3124 | D:4      | Reached XP level 6. HP: 41/51 MP: 5/5
  3753 | D:4      | Reached skill level 7 in Long Blades
  3770 | D:4      | Reached XP level 7. HP: 24/60 MP: 6/6
  4258 | D:5      | Entered Level 5 of the Dungeon
  4302 | D:5      | HP: 1/60 [orc wizard/+0 dagger (4)]
  4624 | D:5      | Found an ornate altar of the Wu Jian Council.
  4659 | D:5      | Found a blossoming altar of Fedhas.
  5446 | D:6      | Reached skill level 5 in Fighting
  5463 | D:6      | Reached skill level 8 in Long Blades
  5463 | D:6      | Reached skill level 5 in Dodging
  5579 | D:6      | Found a staircase to the Ecumenical Temple.
  5616 | D:6      | Reached XP level 8. HP: 33/69 MP: 7/7
  5824 | D:6      | Identified Sif Muna's Guide on Unholy Secrets and the Oath
  5834 | D:6      | Reached skill level 1 in Bows
  5834 | D:6      | Reached skill level 5 in Armour
  6150 | D:6      | Found a sacrificial altar of Ru.
  6349 | Temple   | Entered the Ecumenical Temple
  6520 | Temple   | Became a worshipper of Warmaster Okawaru
  6609 | D:7      | Reached skill level 1 in Invocations
  6609 | D:7      | Found Huteshrua's Book Shoppe.
  6629 | D:7      | Reached skill level 1 in Stealth
  6670 | D:7      | Reached * piety under Okawaru
  6942 | D:7      | You fall into a shaft and drop 3 floors!
  6942 | D:10     | Entered Level 10 of the Dungeon
  6957 | D:10     | Reached skill level 9 in Long Blades
  6957 | D:10     | Reached XP level 9. HP: 77/78 MP: 8/10
  7021 | D:10     | Reached skill level 5 in Bows
  7219 | D:10     | Reached ** piety under Okawaru
  7384 | D:9      | Noticed Erica
  7405 | D:9      | Killed Erica
  7759 | D:8      | Noticed Maggie
  7763 | D:8      | Reached skill level 10 in Long Blades
  7773 | D:8      | Killed Maggie
  7794 | D:8      | Reached XP level 10. HP: 24/86 MP: 5/12
  8194 | D:8      | Reached *** piety under Okawaru
  8852 | D:8      | Reached skill level 11 in Long Blades
  9153 | D:8      | Reached skill level 5 in Invocations
  9422 | D:9      | Found Exzixi Emmi's Assorted Antiques.
  9442 | D:9      | Bought a vibrating platinum ring for 145 gold pieces
  9442 | D:9      | Bought a scroll of identify for 58 gold pieces
  9442 | D:9      | Identified the ring "Ukhlosch" {rPois rC+ Stlth+} (You
                  | bought it in a shop on level 9 of the Dungeon)
  9569 | D:9      | Found Kono's Gadget Boutique.
  9666 | D:9      | Found Qeibo's Distillery.
  9704 | D:9      | Bought a potion of degeneration for 13 gold pieces
  9704 | D:9      | Bought a potion of heal wounds for 65 gold pieces
 10015 | D:9      | Found Finlorr's Antique Weapon Shoppe.
 10018 | D:9      | Bought a glowing longbow for 240 gold pieces
 10543 | D:10     | Reached **** piety under Okawaru
 10642 | D:10     | Noticed a four-headed hydra
 10649 | D:10     | Killed a one-headed hydra
 10783 | D:10     | Killed from afar by an orc priest

Illustrated notes

Levels and vault maps discovered:
D:1:      zaba_arrival_water, layout_loops_corners, st_stairs_2,
          minmay_tetromino_o4
D:2:      layout_basic, kennysheep_generic_room_7
D:3:      layout_basic, mrwooster_statue_mirror
D:4:      cheibrodos_old_hovel, layout_loops_ring, minmay_between
D:5:      layout_cave_pools, lemuel_doored_altar, fedhas_bush_and_centaur_altar
D:6:      layout_cave_pools, minmay_temple_entry_glass, basic_altar
D:7:      layout_rooms, serial_shops, shop_fountains
D:8:      layout_loops_ring, nicolae_straight_to_the_point, uniq_maggie
D:9:      layout_cave_pods, serial_shops, shop, shop_coins,
          nicolae_shop_behind_doors, shop_fountains, uniq_erica
D:10:     layout_cave_pods, david_orc_4, grunt_ministairs_5
Temple:   kilobyte_greek_temple

Skill      XL: |  1  2  3  4  5  6  7  8  9 10 |
---------------+-------------------------------+-----
Long Blades    | 4 5 6 7 8 9 10 11 | 11.9
Armour         | 1 2 3 4 5 6 7 |  7.9
Dodging        | 4 5 |  5.8
Fighting       | 3 4 5 6 7 8 |  8.4
Bows           | 4 5 6 |  6.0
Invocations    | 2 4 5 |  5.8
Stealth        | 1 |  1.6
Throwing       | |  2.3

Action                   |  1- 3 |  4- 6 |  7- 9 | 10-12 || total
-------------------------+-------+-------+-------+-------++-------
Melee: Long sword        |    56 |   154 |   174 |       ||   384
       Headbutt          |    15 |    24 |    54 |    25 ||   118
       Shortbow          |       |       |     5 |       ||     5
       Double sword      |       |       |    58 |   120 ||   178
       Scimitar          |       |       |    25 |    52 ||    77
       Punch             |       |       |     2 |       ||     2
 Fire: Shortbow          |       |       |    52 |    12 ||    64
       Longbow           |       |       |       |     8 ||     8
Throw: Dart              |       |     3 |       |       ||     3
Invok: Heroism           |       |       |     1 |       ||     1
  Use: Scroll            |       |    11 |     6 |     8 ||    25
       Potion            |       |       |     2 |       ||     2
Armor: Leather armour    |    15 |       |       |       ||    15
       Scale mail        |    16 |    58 |   113 |       ||   187
       Chain mail        |       |       |       |    94 ||    94
Dodge: Dodged            |    55 |    93 |   168 |    97 ||   413
       Rpst.: Long sword |    16 |    24 |    26 |       ||    66
       Double sword      |       |       |    12 |    14 ||    26
       Scimitar          |       |       |     6 |    10 ||    16
